 Dungeon Crawl Stone Soup version 0.28-a0-998-gb9e9c7b67e (webtiles) character file.

Game seed: 4644700766930771879

7 ytrimaz the Insei (level 2, -2/18 HPs)
             Began as an Octopode Transmuter on Dec 5, 2021.
             Slain by a quokka (4 damage)
             ... on level 1 of the Dungeon.
             The game lasted 00:00:34 (352 turns).

ytrimaz the Insei (Octopode Transmuter)              Turns: 352, Time: 00:00:34

Health: -2/18      AC:  1    Str:  9    XL:     2   Next: 4%
Magic:  5/5        EV: 13    Int: 15    God:
Gold:   0          SH:  0    Dex: 12    Spells: 4/5 levels left

rFire   . . .      SeeInvis .     - Unarmed
rCold   . . .      Faith    .   (no shield)
rNeg    . . .      Spirit   .   (helmet restricted)
rPois   .          Reflect  .   (no amulet)
rElec   .          Harm     .   (no ring)
rCorr   .          Rampage  .   (no ring)
Will    .....                   (no ring)
Stlth   ++........              (no ring)
HPRegen 0.06/turn               (no ring)
MPRegen 0.09/turn               (no ring)
                                (no ring)
                                (no ring)

@: no status effects
A: almost no armour, amphibious, 8 rings, camouflage 1, gelatinous body 1,
(nimble swimmer 1), tentacles
a: no special abilities


You were on level 1 of the Dungeon.
You visited 1 branch of the dungeon, and saw 1 of its levels.

You aren't carrying anything.


   Skills:
 * Level 1.2 Fighting
 - Level 2.0 Dodging
 + Level 3.2 Unarmed Combat
 * Level 2.1 Spellcasting
 * Level 2.1 Transmutations


You had 4 spell levels left.
You knew the following spells:

 Your Spells              Type           Power      Damage    Failure   Level
a - Beastly Appendage     Tmut           14%        N/A       10%         1

Your spell library contained the following spells:

 Spells                   Type           Power      Damage    Failure   Level
 Wereblood                Tmut           7%         N/A       14%         2
 Spider Form              Tmut/Pois      4%         N/A       38%         3
 Ice Form                 Ice/Tmut       4%         N/A       80%         4


Dungeon Overview and Level Annotations

Branches:
Dungeon (1/15)

Altars:


Innate Abilities, Weirdness & Mutations

You cannot wear most types of armour.
You are amphibious.
You can wear up to eight rings at the same time.
Your skin changes colour to match your surroundings (Stealth+).
Your rubbery body absorbs attacks. (AC +1, EV +1)
((You are camouflaged near water. (Stealth+)))
You have tentacles for arms and can constrict up to eight enemies at once.


Message History

You squeeze the endoplasm.
You kill the endoplasm!
You have reached level 2!
Okay, then.
Unknown command.
You start resting.
Your tentacle spike disappears.
The gnoll shouts!
You hear a bark!
An endoplasm comes into view.
You see here 19 stones.
The quokka twitches its whiskers.
The quokka bites you.
Found a scroll labelled YLOYTE AMNOMUKE.
The quokka closely misses you.
A kobold comes into view. It is wielding a +0 short sword.
Found 15 gold pieces and a thick zirconium amulet.
The quokka bites you.
You see here a scroll labelled YLOYTE AMNOMUKE.
The quokka completely misses you. The quokka barely misses you.
The kobold shouts!
The kobold hits you with a +0 short sword.
You see here 15 gold pieces.
The quokka closely misses you.
The kobold hits you with a +0 short sword.
The kobold throws a stone.
The stone misses you. The quokka bites you.
* * * LOW HITPOINT WARNING * * *
The gnoll misses you.
The kobold throws a stone.
The stone barely misses you.
The gnoll hits you from afar with a +0 spear.
* * * LOW HITPOINT WARNING * * *
The quokka closely misses you.
Press: ? - help, . - travel, g - get item You can't see that place. [Stash: a thick zirconium amulet] [the floor.]
The quokka barely misses you.
Found 17 gold pieces.
Found a faded altar of an unknown god.
The quokka bites you.
You die...

##.### #.# +#'.# #.#
###.### #.### +.'.#
#?..# #.### ###.### ##.
#<#.. #...$.. ....###$#
#......
........##########....".
.......@r.g.K...........
_......###########......
.8..... #...... .......
#...... #...... #######
....... ##..... ##...#


You could see a gnoll, a quokka and a kobold.

Vanquished Creatures
  An endoplasm (D:1)
  A giant cockroach (D:1)
  A hobgoblin (D:1)
  A jackal (D:1)
  A ball python (D:1)
  A frilled lizard (D:1)
  A rat (D:1)
7 creatures vanquished.

Notes
Turn   | Place    | Note
-------+----------+-------------------------------------------
     0 | D:1      | ytrimaz the Octopode Transmuter began the quest for the
                  | Orb.
     0 | D:1      | Reached XP level 1. HP: 13/13 MP: 3/3
   292 | D:1      | Reached XP level 2. HP: 18/18 MP: 3/5
   352 | D:1      | Found a faded altar of an unknown god.
   352 | D:1      | Slain by a quokka

Illustrated notes

Levels and vault maps discovered:
D:1:      erik_arrival_triangle_huge, layout_rooms,
          dreamdust_ecumenical_altar_statues, corexii_leaking_fountain,
          minmay_close_crescents

Action                   || total
-------------------------++-------
Melee: Unarmed           ||    11
       Tentacles         ||     5
       Constrict         ||     3
       Kick              ||     3
 Cast: Beastly Appendage ||     2
  Use: Scroll            ||     1
 Stab: Sleeping          ||     1
Armor: Skin              ||     1
Dodge: Dodged            ||    15

Table legend: (Time is in decaauts)
 A = Elapsed time spent in this place.
 B = Non-inter-level travel time spent in this place.
 C = Inter-level travel time spent in this place.
 D = Time resting spent in this place.
 E = Time spent auto-exploring this place.
 F = Levels seen in this place.
 G = Mean time per level.
                   A        B        C        D        E       F      G
               +--------+--------+--------+--------+--------+-----+--------+
         Total |    350 |    350 |      0 |      4 |    258 |   1 |  350.0 |
       Dungeon |    350 |    350 |      0 |      4 |    258 |   1 |  350.0 |
               +--------+--------+--------+--------+--------+-----+--------+

Top non-repeatable levels by time:
     D:1: 350 daAuts
